Map: Lightshade LE

Players

Serral - Winner!

  • Race: Zerg Zerg

Trap

  • Race: Protoss Protoss

Event: DreamHack SC2 Masters 2021 Fall

VOD

Have the link to the VOD?

Description

Time

  • Played on: Sept. 12, 2021, 12:16 p.m.
  • Length: 11:55

All games in this series

Show
View Real Time Build Order
Export as new Build Order

Serral Zerg - Winner!

Build Orders: Pool First 

Get SALT Encoding   

  12  0:00  Drone  
  13  0:11  Overlord  
  13  0:16  Drone  
  14  0:30  Drone x2  
  16  0:38  Drone  
  17  0:44  Spawning Pool  
  16  1:05  Drone  
  16  1:09  Hatchery  
  16  1:12  Drone  
  17  1:24  Drone  
  18  1:26  Extractor  
  18  1:30  Queen  
  18  1:31  Zergling x2  
  20  1:34  Drone  
  21  1:40  Overlord  
  21  1:49  Drone  
  22  1:59  Drone  
  23  2:06  Queen  
  25  2:10  Zergling x2  
  26  2:21  Queen, Drone  
  29  2:23  Drone  
  30  2:31  Drone  
  30  2:32  Metabolic Boost, Drone  
  32  2:39  Drone x3  
  35  2:44  Drone  
  35  2:48  Overlord  
  36  3:01  Hatchery  
  36  3:03  Drone  
  36  3:06  Drone  
  36  3:07  Drone  
  36  3:08  Drone  
  39  3:14  Overlord  
  39  3:18  Drone x2  
  39  3:19  Drone  
  42  3:21  Drone  
  43  3:28  Roach Warren  
  43  3:32  Queen  
  44  3:35  Drone  
  44  3:36  Drone  
  46  3:42  Queen  
  46  3:44  Extractor  
  46  3:46  Drone  
  48  3:48  Drone x2  
  48  3:49  Drone  
  48  3:53  Spore Crawler  
  48  3:55  Overlord  
  50  3:57  Drone  
  50  3:59  Drone  
  52  4:04  Overlord  
  52  4:12  Overlord  
  52  4:13  Roach x3  
  52  4:16  Zergling x4  
  60  4:23  Zergling x6  
  63  4:26  Spore Crawler  
  63  4:27  Zergling x4  
  63  4:28  Zergling x2  
  65  4:33  Ravager x3  
  67  4:42  Spore Crawler, Drone  
  67  4:43  Zergling x8  
  71  4:47  Overlord  
  71  4:52  Roach  
  65  5:00  Roach x4  
  72  5:13  Roach x3  
  76  5:19  Overlord x2  
  76  5:22  Overlord  
  76  5:26  Drone x2  
  76  5:27  Drone x2  
  76  5:28  Extractor  
  79  5:29  Extractor  
  79  5:33  Overlord  
  79  5:34  Roach  
  79  5:36  Spine Crawler  
  79  5:37  Spine Crawler  
  79  5:38  Roach  
  79  5:42  Roach x2  
  82  5:48  Lair  
  83  5:50  Overlord  
  83  5:55  Drone x4  
  87  6:00  Roach x2  
  89  6:07  Roach x3  
  95  6:12  Roach  
  97  6:20  Roach x4  
  97  6:25  Overlord  
  103  6:33  Roach x3  
  88  6:40  Roach x4  
  88  6:45  Roach x2  
  96  6:52  Roach x2  
  92  6:59  Glial Reconstitution  
  90  7:03  Queen x2  
  94  7:09  Roach  
  94  7:10  Roach  
  94  7:14  Ravager x2  
  99  7:18  Roach x3  
  104  7:24  Roach x2  
  108  7:31  Roach  
  108  7:32  Roach x3  
  116  7:45  Drone  
  116  7:46  Drone x6, Evolution Chamber  
  116  7:49  Overlord  
  116  7:50  Drone  
  123  7:56  Baneling Nest  
  123  7:58  Drone  
  123  8:06  Overlord  
  123  8:10  Overlord  
  123  8:12  Drone x3  
  126  8:13  Drone x3  
  126  8:17  Zerg Missile Weapons Level 1  
  126  8:18  Overlord  
  129  8:23  Overlord  
  129  8:28  Extractor  
  129  8:29  Roach x3  
  132  8:41  Roach x6  
  137  8:53  Roach x4  
  141  9:04  Centrifical Hooks  
  141  9:07  Overlord  
  135  9:14  Roach x7  
  139  9:18  Ravager x2  
  139  9:19  Ravager  
  139  9:20  Roach x2  
  146  9:29  Roach x3  
  138  9:42  Roach x6  
  138  9:43  Roach  
  144  9:51  Roach x4  
  139  9:55  Zergling x2, Roach x2  
  142  10:05  Roach x4  
  150  10:11  Ravager x2  
  152  10:15  Zergling x16  
  157  10:25  Drone  
  157  10:26  Drone x2  
  157  10:27  Queen  
  162  10:30  Overlord  
  162  10:41  Roach x5  
  155  10:44  Zergling x2  
  156  11:01  Drone x8  
  157  11:11  Baneling x7  
  157  11:23  Drone  
  157  11:24  Extractor, Spire  
  156  11:27  Drone x3  
  159  11:34  Zergling x12  
Show
View Real Time Build Order
Export as new Build Order

Trap Protoss 

Build Orders: 1 Gate Expand 

Get SALT Encoding   

  12  0:00  Probe  
  13  0:14  Pylon  
  13  0:18  Probe (Chrono Boost)  
  14  0:27  Probe (Chrono Boost)  
  15  0:32  Probe (Chrono Boost)  
  16  0:42  Gateway  
  16  0:44  Probe  
  17  0:51  Assimilator  
  17  0:56  Probe  
  18  1:08  Probe  
  19  1:20  Probe  
  20  1:31  Cybernetics Core  
  20  1:35  Nexus  
  21  1:43  Pylon  
  21  1:45  Probe  
  21  1:55  Assimilator  
  21  1:57  Probe  
  22  2:04  Adept (Chrono Boost)  
  22  2:07  Warp Gate  
  24  2:09  Probe  
  25  2:21  Gateway  
  25  2:22  Probe  
  26  2:27  Stalker  
  28  2:34  Probe  
  28  2:36  Twilight Council  
  29  2:46  Probe (Chrono Boost)  
  31  2:53  Probe (Chrono Boost)  
  31  2:57  Adept, Probe (Chrono Boost)  
  34  3:00  Probe (Chrono Boost)  
  34  3:03  Robotics Facility  
  34  3:04  Probe  
  36  3:13  Gateway  
  36  3:14  Charge (Chrono Boost)  
  36  3:16  Probe x2  
  38  3:29  Probe  
  38  3:30  Probe  
  40  3:36  Gateway  
  40  3:38  Gateway  
  40  3:48  Gateway  
  40  3:50  Gateway  
  40  3:53  Warp Prism (Chrono Boost)  
  40  4:01  Pylon  
  42  4:09  Pylon  
  42  4:11  Adept x2  
  46  4:25  Shield Battery  
  46  4:30  Probe  
  48  4:36  Pylon  
  47  4:41  Zealot  
  47  4:42  Zealot x3  
  47  4:43  Zealot  
  47  4:44  Zealot  
  59  4:54  Pylon  
  59  4:55  Pylon  
  55  5:09  Zealot x6  
  55  5:13  Immortal (Chrono Boost)  
  59  5:31  Probe x2  
  59  5:35  Zealot  
  63  5:36  Zealot x4  
  63  5:40  Zealot  
  77  5:54  Probe x2, Robotics Bay  
  77  5:57  Assimilator  
  75  6:09  Zealot  
  77  6:16  Zealot x4  
  85  6:20  Pylon  
  85  6:22  Pylon  
  81  6:37  Gravitic Drive, Zealot x2  
  81  6:38  Zealot x4  
  77  6:42  Disruptor (Chrono Boost)  
  66  6:49  Probe x2  
  54  7:02  Probe x2  
  54  7:05  Robotics Facility  
  56  7:08  Disruptor (Chrono Boost)  
  59  7:18  Adept x2  
  59  7:22  Nexus  
  63  7:27  Sentry, Zealot  
  70  7:40  Disruptor (Chrono Boost)  
  70  7:45  Stalker  
  72  7:51  Immortal (Chrono Boost)  
  72  7:52  Probe x2  
  72  7:56  Assimilator  
  82  8:13  Immortal (Chrono Boost)  
  82  8:15  Zealot  
  82  8:16  Zealot x4  
  82  8:19  Pylon  
  92  8:22  Disruptor (Chrono Boost)  
  89  8:45  Disruptor (Chrono Boost)  
  90  8:50  Zealot x6  
  100  9:03  Disruptor (Chrono Boost)  
  103  9:13  Zealot  
  103  9:14  Zealot x5  
  112  9:18  Disruptor (Chrono Boost)  
  90  9:49  Zealot  
  90  9:50  Zealot x5  
  90  9:51  Disruptor (Chrono Boost)  
  97  10:02  Immortal (Chrono Boost)  
  93  10:19  Immortal (Chrono Boost)  
  97  10:30  Nexus  
  101  10:36  Immortal (Chrono Boost)  
  95  10:50  Nexus, Immortal (Chrono Boost)  
  99  11:09  Zealot  
  99  11:10  Zealot x4  
  109  11:12  Pylon  
  109  11:20  Observer  
  112  11:33  Zealot x2  

Tags
 
Add a new tag
Caveats
  • Supply blocks, unpowered buildings, or Contaminate may cause inaccurate times.
  • Supply counts are checked every 10 seconds.